[ AOE2 MATCH · #506649758 ]
UnrankedByzantines vs Muisca
Player's team · WIN
Rival team · LOSS
[ REPLAY ANALYSIS · EXTRACTED FROM THE RECORDED GAME ]
Feudal
10:50
Castle
28:08
Imperial
45:34
| APM avg | 53.4 |
| APM peak | 94 |
| eAPM avg | 26.8 |
| Villagers / military | 265 / 676 |
Focus
⚔️ 31.3% · 🌾 68.7%
Scout Cavalry ×276 · Skirmisher ×180 · Hand Cannoneer ×102 · Camel Scout ×90 · Bombard Cannon ×21 · Monk ×3
Feudal
12:56
Castle
20:57
Imperial
41:55
| APM avg | 48.2 |
| APM peak | 107 |
| eAPM avg | 30.3 |
| Villagers / military | 304 / 342 |
Focus
⚔️ 49.1% · 🌾 50.9%
Unknown (2550) ×277 · Spearman ×193 · Archer ×110 · Scorpion ×25 · Trebuchet (Packed) ×9 · Battering Ram ×4
Match map
Initial resources + every placement click. Lines = walls · curves = elevation contours. ◆ gold · ⬟ stone · ● berries · ✦ relic · ◌ wall gap
Your base· ✓ Closed at 28:08 · 112t walls · 1 gate(s)
Danger's base· ✓ Closed at 20:57 · 44t walls · 2 gate(s)
Smoothed initial terrain · ◌ = detected wall gap · hover for details
Inputs per minute
— SUMMER - - Danger
Build order — SUMMER
First 150 of 796 actions detected
| 0:01 | Queue | Villager (Male) |
| 0:01 | Queue | Villager (Male) |
| 0:01 | Queue | Villager (Male) |
| 0:02 | Queue | Villager (Male) |
| 0:03 | Build | House |
| 0:04 | Build | House |
| 1:29 | Queue | Villager (Male) |
| 1:53 | Build | Lumber Camp |
| 2:05 | Queue | Villager (Male) |
| 2:05 | Queue | Villager (Male) |
| 2:18 | Queue | Villager (Male) |
| 2:19 | Queue | Villager (Male) |
| 2:56 | Queue | Villager (Male) |
| 2:56 | Queue | Villager (Male) |
| 2:56 | Queue | Villager (Male) |
| 3:11 | Queue | Villager (Male) |
| 3:28 | Build | House |
| 3:33 | Queue | Villager (Male) |
| 3:33 | Queue | Villager (Male) |
| 3:46 | Build | House |
| 4:11 | Queue | Villager (Male) |
| 4:11 | Queue | Villager (Male) |
| 4:11 | Queue | Villager (Male) |
| 5:20 | Queue | Villager (Male) |
| 5:20 | Queue | Villager (Male) |
| 5:24 | Queue | Villager (Male) |
| 5:24 | Queue | Villager (Male) |
| 5:25 | Queue | Villager (Male) |
| 5:25 | Queue | Villager (Male) |
| 5:25 | Queue | Villager (Male) |
| 5:42 | Build | Mill |
| 6:45 | Queue | Villager (Male) |
| 6:45 | Queue | Villager (Male) |
| 6:58 | Queue | Villager (Male) |
| 7:06 | Queue | Villager (Male) |
| 8:10 | Research | Loom |
| 8:19 | Build | Lumber Camp |
| 8:23 | Research | Feudal Age |
| 8:41 | Build | Palisade Wall |
| 9:17 | Queue | Villager (Male) |
| 9:26 | Build | Palisade Wall |
| 9:28 | Build | Palisade Wall |
| 9:38 | Build | House |
| 9:46 | Build | Palisade Wall |
| 10:50 | Age | Feudal Age |
| 10:54 | Research | Double-Bit Axe |
| 10:54 | Research | Double-Bit Axe |
| 10:55 | Queue | Villager (Male) |
| 10:58 | Queue | Villager (Male) |
| 10:59 | Queue | Villager (Male) |
| 11:12 | Build | Palisade Wall |
| 11:13 | Build | Palisade Wall |
| 11:14 | Queue | Villager (Male) |
| 11:40 | Queue | Villager (Male) |
| 12:06 | Build | Palisade Wall |
| 12:08 | Queue | Villager (Male) |
| 12:21 | Build | Barracks |
| 12:31 | Build | Mining Camp |
| 12:53 | Build | House |
| 12:58 | Queue | Villager (Male) |
| 13:16 | Build | House |
| 13:19 | Build | Gate |
| 13:24 | Build | Archery Range |
| 13:30 | Queue | Villager (Male) |
| 13:39 | Queue | Villager (Male) |
| 13:43 | Build | House |
| 13:56 | Build | Farm |
| 13:56 | Build | Farm |
| 13:57 | Queue | Villager (Male) |
| 14:06 | Build | Farm |
| 14:09 | Build | Farm |
| 14:16 | Queue | Skirmisher |
| 14:16 | Queue | Skirmisher |
| 14:22 | Build | House |
| 14:37 | Queue | Skirmisher |
| 14:37 | Queue | Skirmisher |
| 14:39 | Build | Farm |
| 14:49 | Build | Stone Wall |
| 15:10 | Build | Stone Wall |
| 15:12 | Build | Stone Wall |
| 15:16 | Queue | Villager (Male) |
| 15:27 | Queue | Villager (Male) |
| 15:29 | Build | House |
| 15:40 | Build | Stone Wall |
| 15:40 | Build | Stone Wall |
| 15:57 | Build | Stone Wall |
| 16:04 | Build | Blacksmith |
| 16:13 | Build | House |
| 16:14 | Queue | Skirmisher |
| 16:19 | Build | Watch Tower |
| 16:21 | Queue | Villager (Male) |
| 16:54 | Build | Watch Tower |
| 17:43 | Queue | Villager (Male) |
| 17:46 | Build | House |
| 17:46 | Queue | Villager (Male) |
| 17:46 | Queue | Villager (Male) |
| 17:55 | Queue | Villager (Male) |
| 17:57 | Build | House |
| 17:58 | Queue | Villager (Male) |
| 17:58 | Queue | Villager (Male) |
| 17:58 | Queue | Villager (Male) |
| 18:10 | Build | Palisade Wall |
| 18:10 | Build | Palisade Wall |
| 18:11 | Build | Palisade Wall |
| 18:11 | Build | Palisade Wall |
| 18:11 | Build | Palisade Wall |
| 18:11 | Build | Palisade Wall |
| 18:12 | Build | Palisade Wall |
| 18:12 | Build | Palisade Wall |
| 18:18 | Queue | Villager (Male) |
| 18:25 | Research | Fletching |
| 18:25 | Research | Fletching |
| 18:26 | Queue | Villager (Male) |
| 18:42 | Build | Watch Tower |
| 18:44 | Queue | Villager (Male) |
| 18:46 | Build | House |
| 18:49 | Build | Farm |
| 18:49 | Build | Farm |
| 18:49 | Build | Farm |
| 18:50 | Queue | Villager (Male) |
| 18:50 | Queue | Villager (Male) |
| 18:56 | Build | Farm |
| 18:56 | Build | Farm |
| 18:56 | Build | Farm |
| 18:57 | Build | Farm |
| 19:10 | Build | Farm |
| 19:17 | Queue | Skirmisher |
| 19:18 | Queue | Skirmisher |
| 19:28 | Build | House |
| 19:39 | Build | Farm |
| 19:57 | Build | Watch Tower |
| 20:08 | Build | Outpost |
| 20:13 | Build | Farm |
| 20:29 | Build | Mining Camp |
| 20:29 | Queue | Villager (Male) |
| 20:30 | Queue | Villager (Male) |
| 21:15 | Build | Palisade Wall |
| 21:15 | Build | Palisade Wall |
| 21:15 | Build | Palisade Wall |
| 21:16 | Build | Palisade Wall |
| 21:16 | Build | Palisade Wall |
| 21:16 | Build | Palisade Wall |
| 21:17 | Queue | Villager (Male) |
| 21:34 | Build | Watch Tower |
| 21:58 | Queue | Villager (Male) |
| 21:58 | Queue | Villager (Male) |
| 22:29 | Build | Watch Tower |
| 22:58 | Queue | Villager (Male) |
| 23:01 | Research | Wheelbarrow |
| 23:10 | Build | Farm |
Build order — Danger
First 150 of 730 actions detected
| 0:00 | Queue | Villager (Male) |
| 0:00 | Queue | Villager (Male) |
| 0:00 | Queue | Villager (Male) |
| 0:00 | Queue | Villager (Male) |
| 0:02 | Build | House |
| 0:04 | Build | House |
| 1:27 | Queue | Villager (Male) |
| 1:27 | Queue | Villager (Male) |
| 1:27 | Queue | Villager (Male) |
| 1:27 | Queue | Villager (Male) |
| 1:49 | Build | Settlement |
| 2:03 | Queue | Villager (Male) |
| 2:03 | Queue | Villager (Male) |
| 2:03 | Queue | Villager (Male) |
| 2:03 | Queue | Villager (Male) |
| 2:28 | Queue | Villager (Male) |
| 2:28 | Queue | Villager (Male) |
| 2:28 | Queue | Villager (Male) |
| 2:28 | Queue | Villager (Male) |
| 2:57 | Queue | Villager (Male) |
| 2:57 | Queue | Villager (Male) |
| 2:57 | Queue | Villager (Male) |
| 2:57 | Queue | Villager (Male) |
| 3:06 | Queue | Villager (Male) |
| 3:06 | Queue | Villager (Male) |
| 3:06 | Queue | Villager (Male) |
| 3:06 | Queue | Villager (Male) |
| 3:37 | Build | House |
| 3:39 | Build | House |
| 3:56 | Queue | Villager (Male) |
| 3:56 | Queue | Villager (Male) |
| 3:56 | Queue | Villager (Male) |
| 3:56 | Queue | Villager (Male) |
| 3:56 | Queue | Villager (Male) |
| 3:56 | Queue | Villager (Male) |
| 3:56 | Queue | Villager (Male) |
| 3:56 | Queue | Villager (Male) |
| 3:59 | Queue | Villager (Male) |
| 3:59 | Queue | Villager (Male) |
| 3:59 | Queue | Villager (Male) |
| 3:59 | Queue | Villager (Male) |
| 4:43 | Queue | Villager (Male) |
| 4:43 | Queue | Villager (Male) |
| 4:43 | Queue | Villager (Male) |
| 4:43 | Queue | Villager (Male) |
| 4:43 | Queue | Villager (Male) |
| 4:43 | Queue | Villager (Male) |
| 4:43 | Queue | Villager (Male) |
| 4:43 | Queue | Villager (Male) |
| 5:19 | Queue | Villager (Male) |
| 5:24 | Queue | Villager (Male) |
| 5:24 | Queue | Villager (Male) |
| 5:24 | Queue | Villager (Male) |
| 5:24 | Queue | Villager (Male) |
| 5:46 | Build | Barracks |
| 5:51 | Build | Palisade Wall |
| 5:53 | Queue | Villager (Male) |
| 5:53 | Queue | Villager (Male) |
| 5:53 | Queue | Villager (Male) |
| 5:53 | Queue | Villager (Male) |
| 6:52 | Build | Settlement |
| 7:04 | Queue | Villager (Male) |
| 7:04 | Queue | Villager (Male) |
| 7:04 | Queue | Villager (Male) |
| 7:04 | Queue | Villager (Male) |
| 7:05 | Queue | Unit 2550 |
| 7:05 | Queue | Unit 2550 |
| 7:11 | Queue | Unit 2550 |
| 8:00 | Queue | Villager (Male) |
| 8:22 | Queue | Villager (Male) |
| 8:49 | Queue | Unit 2550 |
| 8:50 | Queue | Villager (Male) |
| 8:50 | Queue | Villager (Male) |
| 8:50 | Queue | Villager (Male) |
| 8:50 | Queue | Villager (Male) |
| 8:56 | Queue | Villager (Male) |
| 8:56 | Queue | Villager (Male) |
| 8:56 | Queue | Villager (Male) |
| 8:56 | Queue | Villager (Male) |
| 9:32 | Build | Farm |
| 9:33 | Build | Farm |
| 10:20 | Queue | Villager (Male) |
| 10:20 | Queue | Villager (Male) |
| 10:20 | Queue | Villager (Male) |
| 10:20 | Queue | Villager (Male) |
| 10:37 | Build | Farm |
| 10:46 | Research | Feudal Age |
| 11:08 | Queue | Unit 2550 |
| 12:08 | Queue | Unit 2550 |
| 12:09 | Queue | Unit 2550 |
| 12:15 | Queue | Villager (Male) |
| 12:28 | Build | Farm |
| 12:28 | Build | Farm |
| 12:29 | Build | Farm |
| 12:29 | Build | Farm |
| 12:29 | Build | Farm |
| 12:49 | Build | Farm |
| 12:50 | Build | Farm |
| 12:50 | Build | Farm |
| 12:50 | Build | Farm |
| 12:51 | Queue | Villager (Male) |
| 12:51 | Queue | Villager (Male) |
| 12:51 | Queue | Villager (Male) |
| 12:51 | Queue | Villager (Male) |
| 12:56 | Age | Feudal Age |
| 13:01 | Research | Tech 1402 |
| 13:38 | Queue | Unit 2550 |
| 13:59 | Build | Farm |
| 13:59 | Queue | Villager (Male) |
| 13:59 | Queue | Villager (Male) |
| 13:59 | Queue | Villager (Male) |
| 13:59 | Queue | Villager (Male) |
| 14:04 | Build | Farm |
| 14:06 | Queue | Villager (Male) |
| 14:06 | Queue | Villager (Male) |
| 14:06 | Queue | Villager (Male) |
| 14:06 | Queue | Villager (Male) |
| 14:29 | Queue | Villager (Male) |
| 14:29 | Queue | Villager (Male) |
| 14:29 | Queue | Villager (Male) |
| 14:29 | Queue | Villager (Male) |
| 14:43 | Build | House |
| 14:45 | Build | Farm |
| 14:56 | Queue | Villager (Male) |
| 14:56 | Queue | Villager (Male) |
| 14:56 | Queue | Villager (Male) |
| 14:56 | Queue | Villager (Male) |
| 14:58 | Queue | Villager (Male) |
| 14:58 | Queue | Villager (Male) |
| 14:58 | Queue | Villager (Male) |
| 14:58 | Queue | Villager (Male) |
| 15:13 | Queue | Villager (Male) |
| 15:13 | Queue | Villager (Male) |
| 15:13 | Queue | Villager (Male) |
| 15:13 | Queue | Villager (Male) |
| 15:35 | Queue | Unit 2550 |
| 15:40 | Build | Blacksmith |
| 15:41 | Queue | Villager (Male) |
| 15:41 | Queue | Villager (Male) |
| 15:41 | Queue | Villager (Male) |
| 15:41 | Queue | Villager (Male) |
| 15:45 | Build | House |
| 15:59 | Queue | Villager (Male) |
| 15:59 | Queue | Villager (Male) |
| 15:59 | Queue | Villager (Male) |
| 15:59 | Queue | Villager (Male) |
| 16:16 | Queue | Villager (Male) |
| 16:16 | Queue | Villager (Male) |
| 16:16 | Queue | Villager (Male) |
| 16:16 | Queue | Villager (Male) |
Match timeline
| 5:46 | Danger · first_building Barracks |
| 5:51 | Danger · wall_segment Palisade Wall x1 |
| 8:41 | SUMMER · wall_segment Palisade Wall x27 |
| 9:26 | SUMMER · wall_segment Palisade Wall x20 |
| 9:28 | SUMMER · wall_segment Palisade Wall x10 |
| 9:46 | SUMMER · wall_segment Palisade Wall x16 |
| 10:50 | SUMMER · age_up feudal |
| 11:12 | SUMMER · wall_segment Palisade Wall x7 |
| 11:13 | SUMMER · wall_segment Palisade Wall x1 |
| 12:06 | SUMMER · wall_segment Palisade Wall x1 |
| 12:21 | SUMMER · first_building Barracks |
| 12:56 | Danger · age_up feudal |
| 13:24 | SUMMER · first_building Archery Range |
| 14:49 | SUMMER · wall_segment Stone Wall x1 |
| 15:10 | SUMMER · wall_segment Stone Wall x1 |
| 15:12 | SUMMER · wall_segment Stone Wall x4 |
| 15:40 | SUMMER · wall_segment Stone Wall x1 |
| 15:40 | SUMMER · wall_segment Stone Wall x1 |
| 15:57 | SUMMER · wall_segment Stone Wall x1 |
| 17:01 | Danger · first_building Archery Range |
| 18:10 | SUMMER · wall_segment Palisade Wall x1 |
| 18:10 | SUMMER · wall_segment Palisade Wall x1 |
| 18:11 | SUMMER · wall_segment Palisade Wall x1 |
| 18:11 | SUMMER · wall_segment Palisade Wall x1 |
| 18:11 | SUMMER · wall_segment Palisade Wall x1 |
| 18:11 | SUMMER · wall_segment Palisade Wall x1 |
| 18:12 | SUMMER · wall_segment Palisade Wall x1 |
| 18:12 | SUMMER · wall_segment Palisade Wall x2 |
| 18:49 | Danger · wall_segment Palisade Wall x4 |
| 18:52 | Danger · wall_segment Palisade Wall x6 |
| 18:55 | Danger · wall_segment Palisade Wall x10 |
| 19:54 | Danger · wall_segment Palisade Wall x19 |
| 20:18 | Danger · wall_segment Palisade Wall x4 |
| 20:57 | Danger · age_up castle |
| 21:15 | SUMMER · wall_segment Palisade Wall x1 |
| 21:15 | SUMMER · wall_segment Palisade Wall x2 |
| 21:15 | SUMMER · wall_segment Palisade Wall x1 |
| 21:16 | SUMMER · wall_segment Palisade Wall x2 |
| 21:16 | SUMMER · wall_segment Palisade Wall x1 |
| 21:16 | SUMMER · wall_segment Palisade Wall x2 |
| 23:06 | Danger · first_building Siege Workshop |
| 23:33 | SUMMER · wall_segment Palisade Wall x2 |
| 23:33 | SUMMER · wall_segment Palisade Wall x2 |
| 23:33 | SUMMER · wall_segment Palisade Wall x1 |
| 23:34 | SUMMER · wall_segment Palisade Wall x1 |
| 25:57 | SUMMER · wall_segment Palisade Wall x2 |
| 25:57 | SUMMER · wall_segment Palisade Wall x1 |
| 25:57 | SUMMER · wall_segment Palisade Wall x1 |
| 25:57 | SUMMER · wall_segment Palisade Wall x2 |
| 25:58 | SUMMER · wall_segment Palisade Wall x1 |
| 25:58 | SUMMER · wall_segment Palisade Wall x2 |
| 25:58 | SUMMER · wall_segment Palisade Wall x2 |
| 25:58 | SUMMER · wall_segment Palisade Wall x1 |
| 25:59 | SUMMER · wall_segment Palisade Wall x1 |
| 26:24 | SUMMER · first_building Stable |
| 27:03 | SUMMER · wall_segment Palisade Wall x1 |
| 27:04 | SUMMER · wall_segment Palisade Wall x1 |
| 28:08 | SUMMER · age_up castle |
| 33:48 | Danger · wall_segment Palisade Wall x1 |
| 34:03 | Danger · first_building Castle |
| 37:21 | SUMMER · first_building Siege Workshop |
| 37:56 | Danger · first_market_buy 100 stone |
| 39:04 | SUMMER · first_market_buy 100 stone |
| 41:43 | SUMMER · first_building Monastery |
| 41:55 | Danger · age_up imperial |
| 45:34 | SUMMER · age_up imperial |
| 52:51 | SUMMER · first_building Castle |
| 58:06 | Danger · first_market_sell 500 food |
| 67:10 | Danger · wall_segment Stone Wall x11 |
| 67:38 | SUMMER · wall_segment Palisade Wall x1 |
| 71:56 | Danger · wall_segment Palisade Wall x1 |
| 73:24 | Danger · wall_segment Palisade Wall x1 |
| 73:25 | Danger · wall_segment Palisade Wall x1 |
| 73:37 | Danger · wall_segment Palisade Wall x1 |
| 79:58 | Danger · first_building Monastery |
| 83:37 | SUMMER · first_market_sell 100 wood |
| 84:52 | Danger · resign |
[ AI ANALYSIS · 1 CREDIT ]
What really happened in this match?
Wolo.gg analyzes every decision: build order, eco, micro, common mistakes by bracket. Personalized analysis on WhatsApp or Discord in 30 seconds.
Civ guide
Byzantines
Perfil
Jugador #25845906